 Dungeon Crawl Stone Soup version 0.20.1-1-g8b1a95d (webtiles) character file.

28 renl the Changer (level 3, 28/28 HPs)
             Began as a Draconian Transmuter on July 16, 2017.
             Quit the game on level 2 of the Dungeon.
             The game lasted 00:03:06 (715 turns).

renl the Changer (Draconian Transmuter)              Turns: 715, Time: 00:03:07

Health: 28/28      AC:  5    Str: 12    XL:     3   Next: 0%
Magic:  6/6        EV: 16    Int: 14    God:
Gold:   74         SH:  0    Dex: 11    Spells: 5/6 levels left

rFire    . . .     SeeInvis .     - Unarmed
rCold    . . .     Gourm    .   (no shield)
rNeg     . . .     Faith    .   (armour unavailable)
rPois    .         Spirit   .   (helmet restricted)
rElec    .         Reflect  .   i - scarf {repulsion}
rCorr    .         Harm     .   (no gloves)
MR       .....                  (no boots)
Stlth    +.........             (no amulet)
Regen    0.1/turn               e - +4 ring of evasion
MPRegen  0.1/turn               (no ring)

@: repel missiles
A: unfitting armour, cold-blooded, AC +5
a: no special abilities


You were on level 2 of the Dungeon.
You were not hungry.

You visited 1 branch of the dungeon, and saw 2 of its levels.

You collected 74 gold pieces.

Inventory:

Missiles
 a - 40 arrows
 m - 22 bolts
Armour
 i - a scarf of repulsion (worn)
Jewellery
 e - a +4 ring of evasion (left hand)
Scrolls
 f - a scroll of remove curse
 j - a scroll of recharging {unknown}
Potions
 g - a potion of brilliance {unknown}
 h - a potion of resistance {unknown}
 l - a potion of berserk rage {unknown}
Books
 b - a book of Changes

   Spells                             Type                      Level
   a - Beastly Appendage              Transmutation                1
   b - Sticks to Snakes               Transmutation                2
   c - Spider Form                    Transmutation/Poison         3
   d - Ice Form                       Ice/Transmutation            4
   e - Blade Hands                    Transmutation                5
Comestibles
 c - a bread ration
 d - 5 chunks of flesh
 k - a meat ration


   Skills:
 - Level 1.1 Fighting
 - Level 1.7 Dodging
 - Level 3.0 Unarmed Combat
 - Level 2.0 Spellcasting
 + Level 3.5 Transmutations


You had 5 spell levels left.
You knew the following spells:

 Your Spells              Type           Power        Failure   Level  Hunger
a - Beastly Appendage     Tmut           ##....       5%          1    ##.....


Dungeon Overview and Level Annotations

Branches:
Dungeon (2/15)

Altars:


Innate Abilities, Weirdness & Mutations

Your plain brown scales are hard. (AC +5)
You cannot fit into any form of body armour.
You are cold-blooded and may be slowed by cold attacks.


Message History

Found a stone staircase leading up.
You now have 74 gold pieces (gained 4).
A rat comes into view.
The rat twitches its whiskers.
You hit the rat but do no damage. You tail-slap the rat.
The rat is heavily wounded.
The rat closely misses you.
You barely miss the rat.
The rat is heavily wounded.
The rat misses you.
You completely miss the rat.
The rat is heavily wounded.
The rat closely misses you.
You hit the rat.
You kill the rat!
You have reached level 3!
Your experience leads to an increase in your attributes!
Increase (S)trength, (I)ntelligence, or (D)exterity?
You feel clever.
Your scales feel tougher.
Are you sure you want to abandon this character and quit the game? (Confirm with "yes".)

#.####.#
#.#.##.#
#......#
###...##
#.....#
#####...###
..........#
........#.#
.....#.@#.#
.....#......#
..........###
.........##
#####....#
......
.......
....#.#.#


There were no monsters in sight!

Vanquished Creatures
  A dart slug (D:1)
  A leopard gecko (D:1)
  A bat (D:1)
  3 giant cockroaches (D:1)
  2 goblins (D:1)
  4 hobgoblins (D:1)
  3 jackals (D:1)
  A quokka (D:2)
  A frilled lizard (D:2)
  A kobold (D:1)
  4 rats
22 creatures vanquished.

Notes
Turn   | Place    | Note
-------+----------+-------------------------------------------
     0 | D:1      | renl the Draconian Transmuter began the quest for the Orb.
     0 | D:1      | Reached XP level 1. HP: 16/16 MP: 3/3
     0 | D:1      | Noticed a draconian
     0 | D:1      | Noticed a human
     0 | D:1      | Noticed a troll
     2 | D:1      | Noticed a spriggan
     2 | D:1      | Noticed an elf
     4 | D:1      | Noticed a felid
     5 | D:1      | Noticed an elf
     8 | D:1      | Noticed an octopode
    10 | D:1      | Noticed a troll
    10 | D:1      | Noticed a gargoyle
    14 | D:1      | Noticed a formicid
    14 | D:1      | Noticed a vampire
    14 | D:1      | Noticed a human
    16 | D:1      | Noticed a draconian
    16 | D:1      | Noticed a ghoul
    18 | D:1      | Noticed a vampire
    21 | D:1      | Noticed a ghoul
   169 | D:1      | Reached XP level 2. HP: 13/23 MP: 5/5
   714 | D:2      | Reached XP level 3. HP: 28/28 MP: 6/6
   715 | D:2      | Quit the game

Skill      XL: |  1  2 |
---------------+-------+-----
Transmutations | 3 |  3.5
Fighting       | |  1.1
Dodging        | |  1.7
Unarmed Combat | |  3.0
Spellcasting   | |  2.0

Action                   || total
-------------------------++-------
Melee: Unarmed           ||    75
       Tailslap          ||    10
       Kick              ||     6
       Headbutt          ||     3
 Cast: Beastly Appendage ||     7
  Use: Scroll            ||     1
 Stab: Sleeping          ||     1
Armor: Skin              ||    11
Dodge: Dodged            ||    64
